 Dungeon Crawl Stone Soup version 0.24.0-35-gdb84b6a5db (webtiles) character file.

Game seed: 184305339386547904, levelgen mode: deterministic

109 MJtheKandyman the Skirmisher (level 4, -1/30 HPs)
             Began as a Gargoyle Fighter on Nov 17, 2019.
             Killed by divine providence
             ... invoked by an orc priest
              (17 damage)
             ... on level 2 of the Dungeon.
             The game lasted 00:15:22 (2067 turns).

MJtheKandyman the Skirmisher (Gargoyle Fighter)     Turns: 2067, Time: 00:15:22

Health: -1/30      AC: 10    Str: 21    XL:     4   Next: 90%
Magic:  4/4        EV:  7    Int:  8    God:
Gold:   102        SH:  9    Dex:  9    Spells: 3/3 levels left

rFire    . . .     SeeInvis .   a - +0 flail
rCold    . . .     Gourm    .   c - +0 shield
rNeg     + . .     Faith    .   b - +0 scale mail
rPois    ∞         Spirit   .   (no helmet)
rElec    +         Reflect  .   (no cloak)
rCorr    .         Harm     .   (no gloves)
MR       .....                  (no boots)
Stlth    ..........             (no amulet)
HPRegen  0.10/turn              (no ring)
MPRegen  0.09/turn              (no ring)

@: no status effects
A: negative energy resistance 1, electricity resistance, unbreathing,
petrification resistance, rot immunity, AC +3
a: no special abilities


You were on level 2 of the Dungeon.
You were not hungry.

You visited 1 branch of the dungeon, and saw 3 of its levels.

You collected 102 gold pieces.

Inventory:

Hand Weapons
 a - a +0 flail (weapon)
 n - a +0 mace
 u - a +0 morningstar
Missiles
 l - 67 stones (quivered)
 v - 3 boomerangs
Armour
 b - a +0 scale mail (worn)
 c - a +0 shield (worn)
 j - a cursed +0 ring mail
 t - a +0 leather armour
 w - a +0 ring mail
Jewellery
 g - a +3 amulet of reflection {unknown}
Scrolls
 e - a scroll of amnesia {unknown}
 h - 3 scrolls of remove curse
 i - a scroll of fear {unknown}
 k - a scroll of magic mapping {unknown}
 m - a scroll of blinking
 p - a scroll of identify {unknown}
 q - a scroll of enchant armour {unknown}
Potions
 d - a potion of might
 o - a potion of haste {unknown}
 r - a potion of mutation {unknown}
Comestibles
 f - 5 rations


   Skills:
 + Level 4.5 Fighting
 + Level 3.3 Maces & Flails
 + Level 3.6 Armour
 + Level 3.6 Shields


You had 3 spell levels left.
You didn't know any spells.
Your spell library was empty.

Dungeon Overview and Level Annotations

Branches:
Dungeon (3/15)

Altars:
Trog
Zin


Innate Abilities, Weirdness & Mutations

You are resistant to torment.
Your stone body is resilient. (AC +3)
You are immune to poison.
You resist negative energy. (rN+)
You are resistant to electric shocks. (rElec)
You can survive without breathing.
You are immune to petrification.
You are immune to rotting.


Message History

The orc priest hits you but does no damage. x2
You sock the orc priest!
You kill the orc priest!
You see here a +0 short sword.
You start resting.
HP restored.
There is a stone staircase leading down here.
You climb downwards.
There is a stone staircase leading up here.
You block the orc priest's attack.
The orc priest invokes the aid of Beogh against you.
Beogh smites you!
You climb upwards.
There is a stone staircase leading down here.
You sock the orc priest!
The orc priest is heavily wounded.
The orc priest invokes the aid of Beogh against you.
Beogh smites you!
Ouch! That really hurt!
You die...

#...####..# #.#########
###...###.# ####.........#
###.# #)#####............#
#######.###.......###........#
...............#### #........#
#######..#####.# ########## ##
##..# #.# †# ##.# #.### .#
#.####..@# ######## ##
#.##...)o#######......# #
#####.##.#.#.............)#
#...........#######.......#
#.####.####.#####...#######
#####.##.....##....^..###
......#.......#..######
####..#.......#..#
#......_......#


You could see an orc priest.

Vanquished Creatures
  An orc priest (D:2)
  2 adders (D:2)
  4 worms
  A dart slug (D:2)
  2 leopard geckos
  6 orcs (D:3)
  4 bats (D:1)
  2 giant cockroaches
  4 goblins
  2 hobgoblins
  3 jackals (D:3)
  A ball python (D:1)
  A frilled lizard (D:1)
  5 kobolds
  3 rats
41 creatures vanquished.

Notes
Turn   | Place    | Note
-------+----------+-------------------------------------------
     0 | D:1      | MJtheKandyman the Gargoyle Fighter began the quest for the
                  | Orb.
     0 | D:1      | Reached XP level 1. HP: 14/14 MP: 1/1
   246 | D:1      | Reached XP level 2. HP: 15/19 MP: 2/2
   708 | D:2      | Reached XP level 3. HP: 24/24 MP: 3/3
   795 | D:2      | Reached skill level 4 in Fighting
   891 | D:2      | Found a glowing silver altar of Zin.
   967 | D:2      | Found a bloodstained altar of Trog.
  1398 | D:3      | Reached XP level 4. HP: 26/30 MP: 4/4
  1436 | D:3      | Found a faded altar of an unknown god.
  2067 | D:2      | Killed from afar by an orc priest

Levels and vault maps discovered:
D:1:      eino_arrival_cavern_e, layout_rooms, serial_forest,
          infiniplex_forest_corner_1, infiniplex_forest_clump_tiny,
          infiniplex_forest_straight_2, infiniplex_forest_straight_3,
          infiniplex_forest_clump_tiny, infiniplex_forest_end_1,
          infiniplex_forest_end_2
D:2:      layout_rooms, old_standard_altar, lemuel_crystal_altar
D:3:      layout_loops_ring, old_standard_altar,
          gammafunk_temple_overflow_elements, chequers_ecumenical_altar_island,
          minmay_crystal_room

Skill      XL: |  1  2  3 |
---------------+----------+-----
Fighting       | 4 |  4.5
Maces & Flails | 3 |  3.3
Armour         | |  3.6
Shields        | |  3.6

Action                   |  1- 3 |  4- 6 || total
-------------------------+-------+-------++-------
Melee: Flail             |   106 |    44 ||   150
  Use: Scroll            |       |     2 ||     2
  Eat: Chunk             |     2 |       ||     2
       Ration            |       |     1 ||     1
Armor: Scale mail        |    46 |    22 ||    68
Dodge: Dodged            |    27 |     8 ||    35
Block: Shield            |    42 |    22 ||    64
